 Dungeon Crawl Stone Soup version 0.22-a0-268-g1cc83ef (webtiles) character file.

14142 nikopol the Thaumaturge (level 11, -6/56 HPs)
             Began as a Deep Elf Fire Elementalist on Mar 9, 2018.
             Was a High Priest of Sif Muna.
             Killed from afar by Harold (24 damage)
             ... with a bolt of fire
             ... on level 11 of the Dungeon.
             The game lasted 01:02:15 (14836 turns).

nikopol the Thaumaturge (DEFE)                     Turns: 14836, Time: 01:02:16

Health: -6/56      AC:  5    Str:  5    XL:     11   Next: 84%
Magic:  19/46      EV:  7    Int: 24    God:    Sif Muna [*****.]
Gold:   471        SH:  0    Dex: 15    Spells: 21/39 levels left

rFire    . . .     SeeInvis .   p - staff of power
rCold    + . .     Gourm    .   (no shield)
rNeg     . . .     Faith    .   M - +1 robe {rC+}
rPois    .         Spirit   .   D - +0 helmet
rElec    .         Reflect  .   v - +0 cloak
rCorr    .         Harm     .   (no gloves)
MR       +....                  (no boots)
Stlth    +++.......             (no amulet)
HPRegen  0.18/turn              (no ring)
MPRegen  0.30/turn              L - ring of flight

@: lethally poisoned (-6 -> -8), held
A: no striking features
a: Divine Energy, Channel Magic, Forget Spell, Renounce Religion, Evoke Flight


You were on level 11 of the Dungeon.
You worshipped Sif Muna.
Sif Muna was extremely pleased with you.
You were not hungry.

You visited 2 branches of the dungeon, and saw 12 of its levels.

You collected 651 gold pieces.
You spent 180 gold pieces at shops.

Inventory:

Armour
 v - a +0 cloak (worn)
 D - a +0 helmet (worn)
 M - a +1 robe of cold resistance (worn)
Magical Staves
 p - an uncursed staff of power (weapon)
Jewellery
 I - an uncursed ring of ice
 L - a ring of flight (right hand)
Wands
 w - a wand of flame (48)
 E - a wand of digging (19)
 H - a wand of random effects (6)
Scrolls
 d - 5 scrolls of fear
 g - a scroll of enchant armour {unknown}
 i - 2 scrolls of remove curse
 q - 2 scrolls of immolation
 r - 2 scrolls of blinking
 s - 7 scrolls of teleportation
 t - 2 scrolls of amnesia
 y - 2 scrolls of fog {unknown}
 B - 2 scrolls of enchant weapon {unknown}
 G - a scroll of magic mapping {unknown}
 J - 2 scrolls of silence {unknown}
 K - a scroll of brand weapon {unknown}
Potions
 e - a potion of degeneration
 f - a potion of mutation
 h - a potion of haste
 l - 5 potions of berserk rage
 m - 3 potions of lignification
 o - a potion of might
 u - 6 potions of curing
 z - 2 potions of heal wounds
 A - a potion of ambrosia
 C - a potion of agility
 F - a potion of resistance
Miscellaneous
 b - a phantom mirror
Comestibles
 c - 13 rations


   Skills:
 + Level 1.3 Fighting
 + Level 3.7 Dodging
 + Level 4.9 Stealth
 + Level 14.5 Spellcasting
 + Level 11.3 Conjurations
 + Level 1.4 Hexes
 + Level 11.8 Fire Magic


You had 21 spell levels left.
You knew the following spells:

 Your Spells              Type           Power        Failure   Level  Hunger
a - Flame Tongue          Conj/Fire      #####        1%          1    None
b - Throw Flame           Conj/Fire      ######       1%          2    None
c - Conjure Flame         Conj/Fire      ######..     1%          3    None
d - Sticky Flame          Conj/Fire      ######..     1%          4    None
e - Fireball              Conj/Fire      ######....   1%          5    ##.....
f - Dazzling Spray        Conj/Hex       #####.       1%          3    None


Dungeon Overview and Level Annotations

Branches:
Dungeon (11/15)            Temple (1/1) D:6            Lair (0/6) D:8
    Orc: D:9-12

Altars:
Ashenzari
Cheibriados
Dithmenos
Elyvilon
Fedhas
Gozag
Hepliaklqana
Kikubaaqudgha
Makhleb
Nemelex Xobeh
Okawaru
Qazlal
Ru
Sif Muna
Trog
Uskayaw
Vehumet
Wu Jian
Xom
Yredelemnul
Zin
The Shining One

Shops:
D:6 }

Annotations:
D:2 Sigmund
D:11 Harold


Message History

Casting: Flame Tongue (safe; 1% risk of failure)
Confirm with . or Enter, or press ? or * to list all spells.
Aiming: Fireball (safe; 1% risk of failure)
Press: ? - help, Shift-Dir - straight line, f/p - Harold
Aim: Harold, wielding a battleaxe of flaming and wearing a shiny ring mail (lightly wounded)
The fireball explodes!
The fireball engulfs Harold.
Harold is heavily wounded.
You feel sick.
Casting: Fireball (safe; 1% risk of failure)
Confirm with . or Enter, or press ? or * to list all spells.
Aiming: Sticky Flame (safe; 1% risk of failure)
Press: ? - help, Shift-Dir - straight line, f/p - Harold
Aim: Harold, wielding a battleaxe of flaming and wearing a shiny ring mail (flame, heavily wounded)
The sticky flame hits Harold.
Harold appears unharmed.
Harold is heavily wounded.
Harold is covered in liquid flames!
Harold burns!
Harold is engulfed in blazing flames.
Harold points at you and mumbles some strange words.
The bolt of fire hits you!
You die...

##################
.....?=.........>#
################@#
#@# #.†# #..# ...[
.#.## .... y# ##
#.


You could see Harold (burning).

Vanquished Creatures
  Fannar (D:11)
  3 two-headed ogres
  Sonja (D:11)
  Pikel (D:9)
  The ghost of nikopol the Thaumaturge, a novice DEFE of Sif Muna (D:8)
  A cyclops (D:11)
  Joseph (D:10)
  A kobold demonologist (D:11)
  2 hornets
  A meliai zombie (D:10)
  2 hippogriffs
  A spriggan (D:7)
  A shadow (D:11)
  7 yaks
  A wyvern (D:10)
  2 basilisks (D:8)
  3 vampire mosquitoes (D:11)
  The ghost of Spoonicorn the Skirmisher, an amateur OgBe of Trog (D:3)
  A water moccasin (D:9)
  4 orc warriors
  A hornet zombie (D:10)
  A black bear (D:10)
  3 ice beasts
  A necrophage (D:5)
  A sky beast (D:5)
  2 phantoms
  7 ogres
  5 centaurs (D:11)
  4 bullfrogs
  3 scorpions
  A water moccasin zombie (D:7)
  14 killer bees
  11 wights
  3 howler monkeys
  3 crimson imps
  A bullfrog zombie (D:8)
  2 centaur zombies
  A quasit (D:8)
  2 centaur skeletons
  2 bullfrog skeletons
  A gnoll shaman (D:10)
  12 orc priests
  Crazy Yiuf (D:3)
  2 jellies (D:5)
  Jessica (D:2)
  Natasha (thrice) (D:2 D:1)
  6 iguanas
  11 orc wizards
  9 worker ants
  A hound zombie (D:9)
  10 adders
  5 gnolls (D:10)
  A howler monkey skeleton (D:7)
  2 shadow imps
  An ooze (D:1)
  3 worms
  2 dart slugs
  4 leopard geckos
  29 orcs
  A ball python (D:3)
  2 bats (D:1)
  2 giant cockroaches
  7 goblins
  7 hobgoblins
  8 jackals
  3 quokkas
  9 frilled lizards
  A giant cockroach zombie (D:6)
  A jackal skeleton (D:5)
  3 kobolds
  A quokka skeleton (D:5)
  2 rats
  A fungus (D:3)
256 creatures vanquished.

Vanquished Creatures (others)
  A bullfrog skeleton (D:9)
1 creature vanquished.

Grand Total: 257 creatures vanquished

Notes
Turn   | Place    | Note
-------+----------+-------------------------------------------
     0 | D:1      | nikopol the Deep Elf Fire Elementalist began the quest for the Orb.
     0 | D:1      | Reached XP level 1. HP: 10/10 MP: 6/6
   252 | D:1      | Reached XP level 2. HP: 15/15 MP: 6/8
   834 | D:2      | Reached XP level 3. HP: 19/19 MP: 7/10
   838 | D:2      | Learned a level 2 spell: Throw Flame
   842 | D:2      | Learned a level 3 spell: Conjure Flame
  1336 | D:2      | Noticed Sigmund
  1732 | D:2      | Noticed Natasha
  1739 | D:2      | Killed Natasha
  1739 | D:2      | Reached XP level 4. HP: 24/24 MP: 2/11
  1787 | D:2      | Noticed Natasha
  1797 | D:2      | Killed Natasha
  1797 | D:2      | Reached skill level 4 in Spellcasting
  1978 | D:2      | Noticed Natasha
  1992 | D:1      | Killed Natasha
  2312 | D:2      | Noticed Jessica
  2319 | D:2      | Killed Jessica
  2319 | D:2      | Reached XP level 5. HP: 28/28 MP: 6/13
  3049 | D:3      | Learned a level 4 spell: Sticky Flame
  3357 | D:3      | Noticed Spoonicorn's ghost (amateur OgBe)
  3372 | D:3      | Killed Spoonicorn's ghost
  3372 | D:3      | Reached skill level 5 in Spellcasting
  3372 | D:3      | Reached skill level 5 in Fire Magic
  3372 | D:3      | Reached XP level 6. HP: 32/32 MP: 0/15
  3919 | D:3      | Learned a level 5 spell: Fireball
  3968 | D:3      | Found a runed door.
  3972 | D:3      | Noticed Crazy Yiuf
  3975 | D:3      | Killed Crazy Yiuf
  4258 | D:4      | Found a shattered altar of Ashenzari.
  4363 | D:4      | Reached skill level 6 in Spellcasting
  4659 | D:4      | Reached XP level 7. HP: 36/36 MP: 18/18
  5264 | D:5      | Entered Level 5 of the Dungeon
  5302 | D:5      | Learned a level 3 spell: Dazzling Spray
  5324 | D:5      | Reached skill level 7 in Spellcasting
  5427 | D:5      | Reached skill level 5 in Conjurations
  5508 | D:5      | Found a sparkling altar of Nemelex Xobeh.
  5643 | D:5      | Found Zin's Purification Station.
  5645 | D:5      | Found a glowing silver altar of Zin.
  5650 | D:5      | Bought 2 potions of curing for 180 gold pieces
  5659 | D:5      | Reached XP level 8. HP: 36/42 MP: 21/21
  5739 | D:5      | Reached skill level 8 in Spellcasting
  6354 | D:6      | Found Ugiurali's Gadget Emporium.
  6389 | D:6      | Found a staircase to the Ecumenical Temple.
  6395 | Temple   | Entered the Ecumenical Temple
  6454 | Temple   | Became a worshipper of Sif Muna the Loreminder
  7228 | D:7      | Reached skill level 9 in Spellcasting
  7228 | D:7      | Reached skill level 1 in Hexes
  7583 | D:7      | Found a hazy altar of Hepliaklqana.
  7690 | D:7      | Noticed a two-headed ogre
  7703 | D:7      | Killed a two-headed ogre
  7703 | D:7      | Reached * piety under Sif Muna
  7703 | D:7      | Reached skill level 10 in Spellcasting
  7703 | D:7      | Reached XP level 9. HP: 46/46 MP: 25/25
  8120 | D:7      | Found a shadowy altar of Dithmenos.
  8477 | D:7      | Reached ** piety under Sif Muna
  8684 | D:8      | Reached skill level 11 in Spellcasting
  8924 | D:8      | Noticed nikopol's ghost (novice DEFE)
  9107 | D:8      | Killed nikopol's ghost
  9107 | D:8      | Reached XP level 10. HP: 42/51 MP: 25/27
  9168 | D:8      | Found a staircase to the Lair.
  9245 | D:8      | Noticed a two-headed ogre
  9250 | D:8      | Killed a two-headed ogre
  9250 | D:8      | Reached skill level 1 in Fighting
  9397 | D:8      | Reached skill level 12 in Spellcasting
  9485 | D:8      | Found a hide-covered altar of Uskayaw.
  9487 | D:8      | Reached *** piety under Sif Muna
  9549 | D:8      | Reached skill level 10 in Fire Magic
  9641 | D:8      | Found a deep blue altar of Sif Muna.
  9869 | D:9      | Found an ornate altar of the Wu Jian Council.
 10467 | D:9      | Noticed Pikel
 10471 | D:9      | Killed Pikel
 11067 | D:10     | Entered Level 10 of the Dungeon
 11087 | D:10     | Reached skill level 13 in Spellcasting
 11245 | D:10     | Noticed Joseph
 11247 | D:10     | Killed Joseph
 11247 | D:10     | Reached **** piety under Sif Muna
 11447 | D:10     | Noticed a two-headed ogre
 11468 | D:10     | Reached XP level 11. HP: 43/56 MP: 26/30
 11473 | D:10     | Killed a two-headed ogre
 11473 | D:10     | Reached skill level 10 in Conjurations
 13240 | D:11     | Noticed Fannar
 13326 | D:11     | Noticed Sonja
 13328 | D:11     | Killed Sonja
 13333 | D:11     | Reached ***** piety under Sif Muna
 13670 | D:11     | Reached skill level 14 in Spellcasting
 14309 | D:11     | Identified Sif Muna's Almanac of the Enchanting Birds (Sif Muna gifted it to you on level 11 of the Dungeon)
 14309 | D:11     | Received a gift from Sif Muna
 14780 | D:11     | Killed Fannar
 14820 | D:11     | Noticed Harold
 14836 | D:11     | Killed from afar by Harold

Vault maps used:
D:1:      dpeg_arrival_triangle_fractal, serial_forest,
          infiniplex_forest_corner_1, infiniplex_forest_zigzag_2,
          infiniplex_forest_side_room, infiniplex_forest_end_3,
          infiniplex_forest_straight_3, infiniplex_forest_diagonal,
          infiniplex_forest_straight_3, infiniplex_forest_clump_small,
          infiniplex_forest_clump_long, minmay_lizard_king
D:2:      minmay_crystal_water, uniq_jessica, uniq_natasha, uniq_sigmund
D:3:      serial_glass, glass_columns_b, glass_columns_c, glass_columns_b,
          glass_columns_a, first_ration, uniq_crazy_yiuf_cottage
D:4:      ashenzari_altar_1
D:5:      zin_purify, nemelex_altar_shiori, patterned_corridor
D:6:      minmay_temple_entry_statues_pillars, serial_shops, shop
D:7:      marbit_many_paths, basic_altar, the_bakery
D:8:      eat_drink_and_be_merry_uskayaw, david_lair_generic, led_sif_pool
D:9:      kennysheep_little_box, uniq_pikel
D:10:     grunt_ministairs_11, uniq_joseph
D:11:     chequers_guarded_unrand_ignorance, uniq_fannar, uniq_harold,
          uniq_sonja
Temple:   eino_temple_rhombus

Skill      XL: |  1  2  3  4  5  6  7  8  9 10 11 |
---------------+----------------------------------+-----
Fire Magic     | 4 5 6 8 9 10 11 | 11.8
Conjurations   | 2 3 4 5 7 8 9 11 | 11.3
Spellcasting   | 4 5 6 7 10 11 13 14 | 14.5
Dodging        | 3 |  3.7
Stealth        | 3 4 |  4.9
Hexes          | 1 |  1.4
Fighting       | 1 |  1.3

Action                   |  1- 3 |  4- 6 |  7- 9 | 10-12 || total
-------------------------+-------+-------+-------+-------++-------
Melee: Unarmed           |     1 |       |       |       ||     1
       Staff             |       |       |       |     2 ||     2
 Cast: Flame Tongue      |    76 |    74 |   217 |   231 ||   598
       Conjure Flame     |     2 |     9 |    13 |    16 ||    40
       Throw Flame       |       |    11 |    20 |    16 ||    47
       Sticky Flame      |       |     3 |    25 |    22 ||    50
       Fireball          |       |       |     3 |    36 ||    39
       Dazzling Spray    |       |       |    20 |     4 ||    24
  Use: Scroll            |       |       |    11 |     7 ||    18
  Eat: Chunk             |     1 |     8 |    10 |    14 ||    33
       Ration            |       |     1 |     1 |     2 ||     4
Armor: Robe              |     4 |     1 |     8 |     3 ||    16
Dodge: Dodged            |    14 |    12 |    27 |    29 ||    82

Table legend:
 A = Spawn XP
 B = Non-spawn XP
 C = Spawn XP percentage of total XP
 D = Spawn monster count
 E = Non-spawn monster count
 F = Spawn count percentage of total count
 G = Total turns spent on level
                    A         B        C        D         E        F      G
               +---------+---------+-------+---------+---------+-------+---------
         Total |       0 |   20203 |   0.0 |       0 |     255 |   0.0 | 14836
               +---------+---------+-------+---------+---------+-------+---------
           D:1 |       0 |      79 |   0.0 |       0 |      23 |   0.0 |  1173
           D:2 |       0 |     155 |   0.0 |       0 |      18 |   0.0 |  1831
           D:3 |       0 |     209 |   0.0 |       0 |      10 |   0.0 |  1061
           D:4 |       0 |     506 |   0.0 |       0 |      24 |   0.0 |  1199
           D:5 |       0 |     880 |   0.0 |       0 |      27 |   0.0 |   968
           D:6 |       0 |     318 |   0.0 |       0 |      10 |   0.0 |   854
           D:7 |       0 |    2003 |   0.0 |       0 |      21 |   0.0 |  1592
           D:8 |       0 |    3488 |   0.0 |       0 |      28 |   0.0 |   971
           D:9 |       0 |    2011 |   0.0 |       0 |      21 |   0.0 |  1291
          D:10 |       0 |    4429 |   0.0 |       0 |      34 |   0.0 |  3151
          D:11 |       0 |    6125 |   0.0 |       0 |      39 |   0.0 |   618
               +---------+---------+-------+---------+---------+-------+---------
